| TOP OF THE 1ST |
|
Harrisburg Senators batting - Pitching for Columbia Fireflies : RHP Brett Hackmann
|
|
Pitching: RHP Brett Hackmann
|
|
|
Batting: RHB Marcus Dawson
|
0-0: Fly out, F9 (Flyball, 9S, EV 91.9 MPH)
|
|
Batting: RHB Jon Metzler
|
0-0: Ball 1-0: Foul Ball, location: 2F 1-1: Swinging Strike 1-2: Ball 2-2: Strikes out swinging
|
|
Batting: RHB Deshawn Boseman
|
0-0: Called Strike 0-1: Called Strike 0-2: Ball 1-2: Foul Ball, location: 2F 1-2: Foul Ball, location: 2F 1-2: Ball 2-2: Ground out 5-3 (Groundball, 56S, EV 90.0 MPH)
|
| Top of the 1st over - 0 runs, 0 hits, 0 errors, 0 left on base; Harrisburg 0 - Columbia 0 |
| BOTTOM OF THE 1ST |
|
Columbia Fireflies batting - Pitching for Harrisburg Senators : LHP Mike Tracy
|
|
Pitching: LHP Mike Tracy
|
|
|
Batting: RHB Mike Phillips
|
0-0: Called Strike 0-1: Ball 1-1: Ball 2-1: TRIPLE (Flyball, 9LD, EV 106.9 MPH)
|
|
Batting: RHB Billy Walker
|
0-0: Ball 1-0: Foul Ball, location: 2F 1-1: Ball 2-1: Ground out 5-3 (Groundball, 56D, EV 79.4 MPH) Mike Phillips scores
|
|
Batting: RHB Bobby Campbell
|
0-0: Called Strike 0-1: Ball 1-1: Ball 2-1: Called Strike 2-2: Ball 3-2: Fly out, F9 (Flyball, 9S, EV 83.1 MPH)
|
|
Batting: RHB Bobby Mabrey
|
0-0: Called Strike 0-1: Ball 1-1: Ground out 5-3 (Groundball, 56S, EV 91.3 MPH)
|
| Bottom of the 1st over - 1 run, 1 hit, 0 errors, 0 left on base; Harrisburg 0 - Columbia 1 |
| TOP OF THE 2ND |
|
Harrisburg Senators batting - Pitching for Columbia Fireflies : RHP Brett Hackmann
|
|
Batting: LHB Shinji Adachi
|
0-0: Called Strike 0-1: Ball 1-1: Ball 2-1: Fly out, F9 (Line Drive, 9, EV 104.4 MPH)
|
|
Batting: RHB Justin Slifka
|
0-0: Reached on error, E5 (Groundball, 5L, EV 104.4 MPH)
|
|
Batting: RHB Brennan Cameron
|
0-0: Called Strike 0-1: Called Strike 0-2: Ball Passed Ball! Justin Slifka to second 1-2: Ball 2-2: 2-RUN HOME RUN (Flyball, 7D, EV 94.4 MPH), Distance : 373 ft
|
|
Batting: LHB Adam Jacobs
|
0-0: Ball 1-0: Ground out 5-3 (Groundball, 56, EV 83.8 MPH)
|
|
Batting: LHB Diego Muniz
|
0-0: SINGLE (Line Drive, 4D, EV 101.3 MPH)
|
|
Batting: RHB Haykuhi Kagramanian
|
0-0: Ball Diego Muniz is caught stealing 2nd base 2-4
|
| Top of the 2nd over - 2 runs, 2 hits, 1 error, 0 left on base; Harrisburg 2 - Columbia 1 |
| BOTTOM OF THE 2ND |
|
Columbia Fireflies batting - Pitching for Harrisburg Senators : LHP Mike Tracy
|
|
Batting: RHB Seth Daniel
|
0-0: Foul Ball, location: 2F 0-1: Foul Ball, location: 2F 0-2: Fly out, F8 (Flyball, 8LXD, EV 100.0 MPH)
|
|
Batting: RHB Jonathan Jelich
|
0-0: Called Strike 0-1: Ball 1-1: SINGLE (Line Drive, 78S, EV 110.0 MPH)
|
|
Batting: RHB Eddie Mitchell
|
0-0: Ball 1-0: Called Strike 1-1: Ball 2-1: Called Strike 2-2: Foul Ball, location: 2F 2-2: Ball 3-2: SINGLE (Groundball, 15S, EV 67.5 MPH) (infield hit) Jonathan Jelich to second
|
|
Batting: LHB Pete DeHart
|
0-0: Called Strike 0-1: Ball 1-1: Foul Ball, location: 2F 1-2: SINGLE (Flyball, 8LS, EV 98.1 MPH) Jonathan Jelich to third Eddie Mitchell to second Runner from 3rd tries for Home, SAFE, throw by CF to home
|
|
Batting: RHB Ricky Trejo
|
0-0: Ball 1-0: Foul Ball, location: 2F 1-1: Ball 2-1: Swinging Strike 2-2: Strikes out swinging
|
|
Batting: RHB Mike Phillips
|
0-0: Foul Ball, location: 2F 0-1: Ball 1-1: Foul Ball, location: 2F 1-2: Strikes out swinging
|
| Bottom of the 2nd over - 1 run, 3 hits, 0 errors, 2 left on base; Harrisburg 2 - Columbia 2 |
| TOP OF THE 3RD |
|
Harrisburg Senators batting - Pitching for Columbia Fireflies : RHP Brett Hackmann
|
|
Batting: RHB Haykuhi Kagramanian
|
0-0: Foul Ball, location: 2F 0-1: Ground out 6-3 (Groundball, 6, EV 85.0 MPH)
|
|
Batting: RHB Marcus Dawson
|
0-0: Called Strike 0-1: Ball 1-1: Ball 2-1: Called Strike 2-2: Foul Ball, location: 2F 2-2: Ground out 4-3 (Groundball, 4, EV 78.8 MPH)
|
|
Batting: RHB Jon Metzler
|
0-0: Ball 1-0: Ball 2-0: Called Strike 2-1: Ground out 6-3 (Groundball, 6, EV 91.9 MPH)
|
| Top of the 3rd over - 0 runs, 0 hits, 0 errors, 0 left on base; Harrisburg 2 - Columbia 2 |
| BOTTOM OF THE 3RD |
|
Columbia Fireflies batting - Pitching for Harrisburg Senators : LHP Mike Tracy
|
|
Batting: RHB Billy Walker
|
0-0: Swinging Strike 0-1: Foul Ball, location: 2F 0-2: SINGLE (Line Drive, 8RS, EV 103.1 MPH)
|
|
Batting: RHB Bobby Campbell
|
0-0: Fly out, F9 (Flyball, 9D, EV 100.0 MPH)
|
|
Batting: RHB Bobby Mabrey
|
0-0: Ball 1-0: Fly out, F7 (Flyball, 78M, EV 81.9 MPH)
|
|
Batting: RHB Seth Daniel
|
0-0: Called Strike Billy Walker steals 2nd base 0-1: Ball 1-1: Foul Ball, location: 2F 1-2: Fly out, F6 (Popup, 56D, EV 61.9 MPH)
|
| Bottom of the 3rd over - 0 runs, 1 hit, 0 errors, 1 left on base; Harrisburg 2 - Columbia 2 |
| TOP OF THE 4TH |
|
Harrisburg Senators batting - Pitching for Columbia Fireflies : RHP Brett Hackmann
|
|
Batting: RHB Deshawn Boseman
|
0-0: Ground out 6-3 (Groundball, 6MS, EV 83.1 MPH)
|
|
Batting: LHB Shinji Adachi
|
0-0: Foul Ball, location: 2F 0-1: Called Strike 0-2: Ball 1-2: Foul Ball, location: 2F 1-2: Foul Ball, location: 2F 1-2: Foul Ball, location: 2F 1-2: Strikes out looking
|
|
Batting: RHB Justin Slifka
|
0-0: Ground out 6-3 (Groundball, 6S, EV 79.4 MPH)
|
| Top of the 4th over - 0 runs, 0 hits, 0 errors, 0 left on base; Harrisburg 2 - Columbia 2 |
| BOTTOM OF THE 4TH |
|
Columbia Fireflies batting - Pitching for Harrisburg Senators : LHP Mike Tracy
|
|
Batting: RHB Jonathan Jelich
|
0-0: Called Strike 0-1: Ground out 5-3 (Groundball, 56S, EV 66.3 MPH)
|
|
Batting: RHB Eddie Mitchell
|
0-0: Foul Ball, location: 2F 0-1: Ball 1-1: Ball 2-1: Foul Ball, location: 2F 2-2: Ball 3-2: Ground out 5-3 (Groundball, 5, EV 101.9 MPH)
|
|
Batting: LHB Pete DeHart
|
0-0: Fly out, F8 (Flyball, 8RS, EV 95.0 MPH)
|
| Bottom of the 4th over - 0 runs, 0 hits, 0 errors, 0 left on base; Harrisburg 2 - Columbia 2 |
| TOP OF THE 5TH |
|
Harrisburg Senators batting - Pitching for Columbia Fireflies : RHP Brett Hackmann
|
|
Batting: RHB Brennan Cameron
|
0-0: Ball 1-0: Ground out 5-3 (Groundball, 56, EV 105.0 MPH)
|
|
Batting: LHB Adam Jacobs
|
0-0: Called Strike 0-1: Called Strike 0-2: Ball 1-2: Ball 2-2: DOUBLE (Line Drive, 9LD, EV 111.3 MPH)
|
|
Batting: LHB Diego Muniz
|
0-0: SINGLE (Line Drive, 34, EV 98.1 MPH) Adam Jacobs to third
|
|
Batting: RHB Haykuhi Kagramanian
|
0-0: Ball 1-0: Ball Diego Muniz steals 2nd base 2-0: Foul Ball, location: 2F 2-1: Fly out, F7 (Flyball, 7, EV 85.0 MPH) Runner from 3rd tags up, OUT at HOME! 7-2
|
| Top of the 5th over - 0 runs, 2 hits, 0 errors, 1 left on base; Harrisburg 2 - Columbia 2 |
| BOTTOM OF THE 5TH |
|
Columbia Fireflies batting - Pitching for Harrisburg Senators : LHP Mike Tracy
|
|
Batting: RHB Ricky Trejo
|
0-0: Called Strike 0-1: Ground out 6-3 (Groundball, 56, EV 90.6 MPH)
|
|
Batting: RHB Mike Phillips
|
0-0: Called Strike 0-1: Ball 1-1: Swinging Strike 1-2: Strikes out swinging
|
|
Batting: RHB Billy Walker
|
0-0: Foul Ball, location: 2F 0-1: Ball 1-1: Foul Ball, location: 2F 1-2: Fly out, F8 (Flyball, 8RXD, EV 105.6 MPH)
|
| Bottom of the 5th over - 0 runs, 0 hits, 0 errors, 0 left on base; Harrisburg 2 - Columbia 2 |
| TOP OF THE 6TH |
|
Harrisburg Senators batting - Pitching for Columbia Fireflies : RHP Brett Hackmann
|
|
Batting: RHB Marcus Dawson
|
0-0: Ball 1-0: Ball 2-0: Foul Ball, location: 2F 2-1: Foul Ball, location: 2F 2-2: Foul Ball, location: 2F 2-2: Ground out 4-3 (Groundball, 4, EV 106.3 MPH)
|
|
Batting: RHB Jon Metzler
|
0-0: Called Strike 0-1: Ground out 6-3 (Groundball, 6S, EV 63.1 MPH)
|
|
Batting: RHB Deshawn Boseman
|
0-0: Called Strike 0-1: Swinging Strike 0-2: Ball 1-2: Foul Ball, location: 2F 1-2: Strikes out swinging
|
| Top of the 6th over - 0 runs, 0 hits, 0 errors, 0 left on base; Harrisburg 2 - Columbia 2 |
| BOTTOM OF THE 6TH |
|
Columbia Fireflies batting - Pitching for Harrisburg Senators : LHP Mike Tracy
|
|
Batting: RHB Bobby Campbell
|
0-0: Ball 1-0: Ball 2-0: Ground out U3 (Groundball, 34S, EV 81.9 MPH)
|
|
Batting: RHB Bobby Mabrey
|
0-0: Ball 1-0: Called Strike 1-1: Foul Ball, location: 2F 1-2: Ball 2-2: DOUBLE (Flyball, 8LXD, EV 94.4 MPH)
|
|
Batting: RHB Seth Daniel
|
0-0: Ball 1-0: Ball 2-0: Ball 3-0: Called Strike 3-1: Ground out 1-3 (Groundball, 13S, EV 70.6 MPH) Bobby Mabrey to third
|
|
Batting: RHB Jonathan Jelich
|
0-0: Ball 1-0: Called Strike 1-1: Swinging Strike 1-2: Ball 2-2: Foul Ball, location: 2F 2-2: Strikes out swinging
|
| Bottom of the 6th over - 0 runs, 1 hit, 0 errors, 1 left on base; Harrisburg 2 - Columbia 2 |
| TOP OF THE 7TH |
|
Harrisburg Senators batting - Pitching for Columbia Fireflies : RHP Brett Hackmann
|
|
Batting: LHB Shinji Adachi
|
0-0: Called Strike 0-1: Foul Ball, location: 2F 0-2: Foul Ball, location: 2F 0-2: Strikes out looking
|
|
Batting: RHB Justin Slifka
|
0-0: Ball 1-0: Called Strike 1-1: Foul Ball, location: 2F 1-2: Strikes out swinging
|
|
Batting: RHB Brennan Cameron
|
0-0: Foul Ball, location: 2F 0-1: Ground out 5-3 (Groundball, 56S, EV 66.9 MPH)
|
| Top of the 7th over - 0 runs, 0 hits, 0 errors, 0 left on base; Harrisburg 2 - Columbia 2 |
| BOTTOM OF THE 7TH |
|
Columbia Fireflies batting - Pitching for Harrisburg Senators : LHP Mike Tracy
|
|
Pitching: RHP Sam Wood
|
|
|
Batting: RHB Eddie Mitchell
|
0-0: Ball 1-0: Fly out, F7 (Flyball, 7D, EV 104.4 MPH)
|
|
Batting: LHB Pete DeHart
|
0-0: Ball 1-0: Foul Ball, location: 2F 1-1: Ball 2-1: Ball 3-1: Base on Balls
|
|
Pinch Hitting: LHB Roy Riess
|
0-0: Ball 1-0: Ball 2-0: Ball 3-0: Base on Balls Pete DeHart to second
|
|
Batting: RHB Mike Phillips
|
0-0: Fly out, F8 (Flyball, 8RD, EV 99.4 MPH) Runner from 2nd tags up, SAFE at 3rd with throw by CF
|
|
Batting: RHB Billy Walker
|
0-0: Ball 1-0: Ball 2-0: Ball 3-0: Base on Balls Roy Riess to second
|
|
Batting: RHB Bobby Campbell
|
0-0: Ball 1-0: Ball 2-0: SINGLE (Line Drive, 34D, EV 100.0 MPH) Pete DeHart scores Roy Riess to third Billy Walker to second Runner from 3rd tries for Home, SAFE, throw by RF to home
|
|
Pitching: RHP Ramon Rodriguez
|
|
|
Batting: RHB Bobby Mabrey
|
0-0: Ground out 2-3 (Groundball, 2R, EV 74.4 MPH)
|
| Bottom of the 7th over - 2 runs, 1 hit, 0 errors, 2 left on base; Harrisburg 2 - Columbia 4 |
| TOP OF THE 8TH |
|
Harrisburg Senators batting - Pitching for Columbia Fireflies : RHP Brett Hackmann
|
|
Now at SS: Roy Riess
|
|
|
Batting: LHB Adam Jacobs
|
0-0: DOUBLE (Line Drive, 7LM, EV 93.8 MPH)
|
|
Batting: LHB Diego Muniz
|
0-0: Reached on error, E3 (Groundball, 34, EV 95.6 MPH) Adam Jacobs to third
|
|
Pitching: RHP Casey Cuomo
|
|
|
Pinch Hitting: LHB Ben Montgomery
|
0-0: Ball 1-0: Ball 2-0: Swinging Strike 2-1: Foul Ball, location: 2F 2-2: Foul Ball, location: 2F 2-2: Strikes out swinging
|
|
Batting: RHB Marcus Dawson
|
0-0: Called Strike 0-1: Ball 1-1: Ball 2-1: Called Strike 2-2: Fielders Choice at 2nd, 4-6 (Groundball, 4M, EV 81.9 MPH) Adam Jacobs scores
|
|
Batting: RHB Jon Metzler
|
0-0: Ball 1-0: Ball 2-0: Ball 3-0: Called Strike 3-1: Swinging Strike 3-2: Foul Ball, location: 2F 3-2: Foul Ball, location: 2F 3-2: Foul Ball, location: 2F 3-2: Base on Balls Marcus Dawson to second
|
|
Batting: RHB Deshawn Boseman
|
0-0: Ball 1-0: Foul Ball, location: 2F 1-1: Foul Ball, location: 2F 1-2: Foul Ball, location: 2F 1-2: Ball 2-2: Foul Ball, location: 2F 2-2: Foul Ball, location: 2F 2-2: Fly out, F8 (Line Drive, 8LM, EV 99.4 MPH)
|
| Top of the 8th over - 1 run, 1 hit, 1 error, 2 left on base; Harrisburg 3 - Columbia 4 |
| BOTTOM OF THE 8TH |
|
Columbia Fireflies batting - Pitching for Harrisburg Senators : RHP Ramon Rodriguez
|
|
Now at 3B: Adam Jacobs
|
|
|
Now in LF: Ben Montgomery
|
|
|
Batting: RHB Seth Daniel
|
0-0: Called Strike 0-1: Swinging Strike 0-2: SINGLE (Groundball, 4MD, EV 95.0 MPH)
|
|
Batting: RHB Jonathan Jelich
|
0-0: Bunt missed! 0-1: Bunted foul 0-2: Ball 1-2: SINGLE (Groundball, 56, EV 78.8 MPH) (infield hit) Seth Daniel to second
|
|
Batting: RHB Eddie Mitchell
|
0-0: Bunted foul 0-1: Bunt missed! 0-2: Ball Wild Pitch! Seth Daniel to third Jonathan Jelich to second 1-2: Strikes out swinging
|
|
Batting: LHB Pete DeHart
|
0-0: Fly out, F8 (Flyball, 78M, EV 83.1 MPH) Runner from 3rd tags up, SCORES, throw by CF
|
|
Batting: LHB Roy Riess
|
0-0: Intentional Walk
|
|
Batting: RHB Mike Phillips
|
0-0: Ball 1-0: Called Strike 1-1: Ball 2-1: Foul Ball, location: 2F 2-2: Fielders Choice at 2nd, 5-4 (Groundball, 5, EV 105.6 MPH)
|
| Bottom of the 8th over - 1 run, 2 hits, 0 errors, 2 left on base; Harrisburg 3 - Columbia 5 |
| TOP OF THE 9TH |
|
Harrisburg Senators batting - Pitching for Columbia Fireflies : RHP Casey Cuomo
|
|
Pitching: RHP Jose Herrera
|
|
|
Batting: LHB Shinji Adachi
|
0-0: Called Strike 0-1: Ball 1-1: Swinging Strike 1-2: Foul Ball, location: 2F 1-2: Strikes out swinging
|
|
Batting: RHB Justin Slifka
|
0-0: Fly out, F9 (Flyball, 9LM, EV 93.1 MPH)
|
|
Batting: RHB Brennan Cameron
|
0-0: Foul Ball, location: 2F 0-1: Ball 1-1: Swinging Strike 1-2: Ground out 5-3 (Groundball, 5S, EV 70.0 MPH)
|
| Top of the 9th over - 0 runs, 0 hits, 0 errors, 0 left on base; Harrisburg 3 - Columbia 5 |
|